 Dungeon Crawl Stone Soup version 0.31-a0-466-g98c9adc2b6 (webtiles) character file.

Game seed: 14256432838849930728

42 Midn8 the Sneak (level 3, 0/20 HPs)
             Began as a Deep Elf Shapeshifter on Aug 5, 2023.
             Was an Initiate of Elyvilon.
             Splashed by a jelly's acid (2 damage)
             ... on level 3 of the Dungeon.
             The game lasted 00:03:28 (1603 turns).

Midn8 the Sneak (Deep Elf Shapeshifter)             Turns: 1603, Time: 00:03:28

Health: 0/20       AC:  3    Str: 12    XL:     3   Next: 33%
Magic:  5/5        EV: 12    Int: 12    God:    Elyvilon [......]
Gold:   57         SH:  0    Dex: 17    Spells: 2/2 levels left

rFire   . . .        k - +0 dagger (speed)
rCold   . . .        (no shield)
rNeg    . . .        g - +0 leather armour
rPois   .            (helmet currently unavailable)
rElec   .            (cloak currently unavailable)
rCorr   .            (gloves currently unavailable)
SInv    .            (boots currently unavailable)
Will    .....        (no amulet)
Stlth   ++           (no ring)
HPRegen 0.23/turn    (no ring)
MPRegen 0.09/turn

%: no passive effects
@: beast-form
A: beast (slay +2)
a: Begin Untransformation, Renounce Religion


You were on level 3 of the Dungeon.
You worshipped Elyvilon.
Elyvilon was noncommittal.
You were a hulking beast.
You visited 1 branch of the dungeon, and saw 3 of its levels.

You collected 57 gold pieces.

Inventory:

Hand Weapons
 k - a +0 dagger of speed (weapon)
Armour
 a - a +0 animal skin
 g - a +0 leather armour (worn)
 j - a +0 cloak
Talismans
 c - a beast talisman (active)
Scrolls
 d - a scroll of poison {unknown}
 f - a scroll of revelation {unknown}
 h - 2 scrolls of identify {unknown}
 l - 2 scrolls of teleportation {unknown}
Potions
 b - a potion of lignification
 e - 2 potions of heal wounds {unknown}
 i - 2 potions of degeneration {unknown}
 m - 2 potions of haste {unknown}
 n - a potion of curing {unknown}


   Skills:
 - Level 0.7 Fighting
 + Level 1.3 Short Blades
 - Level 2.4 Dodging
 - Level 3.5 Stealth
 - Level 2.4 Unarmed Combat
 - Level 3.2 Shapeshifting


You had 2 spell levels left.
You didn't know any spells.
Your spell library was empty.

Dungeon Overview and Level Annotations

Branches:
Dungeon (3/15)

Altars:
Elyvilon

Annotations:
D:2 1 runed translucent door, Crazy Yiuf


Message History

You impale the endoplasm!!
You kill the endoplasm!
Could not explore, unopened runed door.
Crazy Yiuf shouts!
There is a stone staircase leading down here.
You climb downwards.
Found a scroll labelled YXAUGE QEOQE.
There is a stone staircase leading up here.
An endoplasm comes into view.
You see here a scroll labelled YXAUGE QEOQE.
h - 2 scrolls labelled YXAUGE QEOQE (gained 1)
Found a stone staircase leading up.
A jelly and an orc come into view.
Found a stone staircase leading up.
The endoplasm quivers.
There is a stone staircase leading up here.
The endoplasm barely misses you.
You climb upwards.
Level annotation: 1 runed translucent door, Crazy Yiuf
There is a stone staircase leading down here.
You puncture the endoplasm!
You kill the endoplasm!
No target in view!
There is a stone staircase leading down here.
You climb downwards.
The jelly quivers.
Found 15 gold pieces.
There is a stone staircase leading up here.
Found a scroll labelled LAEWOUL WAFANAQ and a sling.
Found an escape hatch in the ceiling.
You hit the jelly.
Your hands burn!
The jelly is moderately wounded.
The jelly hits you.
You are splashed with acid!
Ouch! That really hurt!
* * * LOW HITPOINT WARNING * * *
You hit the jelly.
Your hands burn!
* * * LOW HITPOINT WARNING * * *
The jelly is moderately wounded.
You hit the jelly.
Your hands burn!
You die...

#.####.##.# .##.#
#......##.. )...
#.......#.#.?..
#.......#.#..#
######.......#.#$.#
...##.......<....###.
###.##.o....<#o.......
#............#J#....$.
#.#<##.......#h# #####
#.##.#######.# #....#
#.# ####.# #.# ..# ..#
#.# ### #.# #.# #..


You could see a jelly and an orc.

Vanquished Creatures
  A worm (D:2)
  A dart slug (D:2)
  A ball python (D:2)
  5 endoplasms
  A giant cockroach (D:1)
  A goblin (D:2)
  4 hobgoblins
  5 quokkas
  3 bats (D:2)
  3 frilled lizards
  2 kobolds
  7 rats
34 creatures vanquished.

Notes
Turn   | Place    | Note
-------+----------+-------------------------------------------
     0 | D:1      | Midn8 the Deep Elf Shapeshifter began the quest for the
                  | Orb.
     0 | D:1      | Reached XP level 1. HP: 11/11 MP: 3/3
    47 | D:1      | Reached skill level 1 in Stealth
   315 | D:1      | Reached XP level 2. HP: 10/16 MP: 4/4
   502 | D:1      | Found a faded altar of an unknown god.
   801 | D:2      | Found a white marble altar of Elyvilon.
   817 | D:2      | Became a worshipper of Elyvilon the Healer
  1056 | D:2      | Reached XP level 3. HP: 20/20 MP: 5/5
  1407 | D:2      | Found a runed translucent door.
  1408 | D:2      | Noticed Crazy Yiuf
  1438 | D:2      | Reached skill level 1 in Short Blades
  1603 | D:3      | Splashed by a jelly's acid

Illustrated notes

Levels and vault maps discovered:
D:1:      dpeg_arrival_shrine, layout_rooms,
          shapermc_ecumenical_altar_totnotflames
D:2:      minmay_chambers_of_ones, layout_loops_ring, basic_altar, st_stairs_14,
          uniq_crazy_yiuf_cottage
D:3:      cheibrodos_fertilizer, layout_loops_cross,
          mainiacjoe_overflow_alcove_2, serial_shops,
          nicolae_shop_getting_attention, shop, shop

Skill      XL: |  1  2  3 |
---------------+----------+-----
Stealth        | 2 3 |  3.5
Short Blades   | 1 |  1.3
Fighting       | |  0.7
Dodging        | |  2.4
Unarmed Combat | |  2.4
Shapeshifting  | |  3.2

Action                     || total
---------------------------++-------
  Melee: Unarmed           ||    43
         Dagger            ||    48
   Stab: Sleeping          ||    10
 Armour: Leather armour    ||     5
  Dodge: Dodged            ||    37

Table legend: (Time is in decaauts)
 A = Elapsed time spent in this place.
 B = Non-inter-level travel time spent in this place.
 C = Inter-level travel time spent in this place.
 D = Time resting spent in this place.
 E = Time spent auto-exploring this place.
 F = Levels seen in this place.
 G = Mean time per level.
                   A        B        C        D        E       F      G
               +--------+--------+--------+--------+--------+-----+--------+
         Total |   1585 |   1517 |     68 |    126 |   1025 |   3 |  528.3 |
       Dungeon |   1585 |   1517 |     68 |    126 |   1025 |   3 |  528.3 |
               +--------+--------+--------+--------+--------+-----+--------+

Top non-repeatable levels by time:
     D:2: 885 daAuts
     D:1: 675 daAuts
     D:3: 24 daAuts
